 Seeded DCSS version 0.30.0-7-g0c4daa9e05 (webtiles) character file.

Game seed: 18007716519941398942 (custom seed)

13 IndexError the Ruffian (level 2, 24/24 HPs)
             Began as a Draconian Transmuter on May 13, 2023.
             Quit the game on level 1 of the Dungeon.
             The game lasted 00:01:33 (193 turns).

IndexError the Ruffian (Draconian Transmuter)        Turns: 193, Time: 00:01:34

Health: 24/24      AC:  4    Str: 12    XL:     2   Next: 24%
Magic:  5/5        EV: 12    Int: 18    God:
Gold:   9          SH:  0    Dex: 11    Spells: 4/5 levels left

rFire   . .          .
                       - Unarmed
rCold   . . .        (no shield)
rNeg    + . .        (body armour unavailable)
rPois   .            (helmet restricted)
rElec   .            (no cloak)
rCorr   .            (no gloves)
SInv    +            (no boots)
Will    .....        (no amulet)
Stlth   +            f - ring of Plog {rN+ Int+5 SInv}
HPRegen 0.24/turn    (no ring)
MPRegen 0.09/turn

%: no passive effects
@: no status effects
A: AC +4, unfitting armour, cold-blooded
a: no special abilities


You were on level 1 of the Dungeon.
You visited 1 branch of the dungeon, and saw 1 of its levels.

You collected 9 gold pieces.

Inventory:

Armour
 g - the +4 kite shield of Greed {rCorr Str+3}
   (You acquired it on level 1 of the Dungeon)

   Str:       It affects your strength (+3).
   rCorr:     It protects you from acid and corrosion.
Jewellery
 d - an amulet of faith {Faith, !P}
   (You found it on level 1 of the Dungeon)
 f - the ring of Plog (left hand) {rN+ Int+5 SInv}
   (You acquired it on level 1 of the Dungeon)

   [ring of see invisible]

   Int:       It affects your intelligence (+5).
   rN:        It protects you from negative energy.
   SInv:      It lets you see invisible.
Scrolls
 b - a scroll of magic mapping {unknown}
 e - a scroll of acquirement
Potions
 a - a potion of lignification {!q}
 c - a potion of berserk rage {unknown}


   Skills:
 + Level 1.7 Fighting
 - Level 1.7 Dodging
 * Level 3.5 Unarmed Combat
 - Level 2.0 Spellcasting
 - Level 2.0 Transmutations


You had 4 spell levels left.
You knew the following spells:

 Your Spells              Type           Power      Damage    Failure   Level
a - Beastly Appendage     Tmut           18%        N/A       8%          1

Your spell library contained the following spells:

 Spells                   Type           Power      Damage    Failure   Level
 Wereblood                Tmut           9%         N/A       12%         2
 Spider Form              Tmut/Pois      5%         N/A       34%         3
 Ice Form                 Ice/Tmut       5%         N/A       75%         4


Dungeon Overview and Level Annotations

Branches:
Dungeon (1/15)

Altars:


Innate Abilities, Weirdness & Mutations

Your plain brown scales are hard. (AC +4)
You cannot fit into any form of body armour.
You are cold-blooded and may be slowed by cold attacks.


Message History

A jackal comes into view.
The jackal barks!
You hit the jackal. The jackal bites you. The jackal barely misses you.
You take 1 damage, and have 15/16 hp.
You hit the jackal.
The jackal bites you but does no damage.
You closely miss the jackal.
Your tail-slap misses the jackal.
The jackal bites you but does no damage.
The jackal misses you.
The jackal bites you but does no damage.
Health restored: 16 You hit the jackal but do no damage.
Your punch misses the jackal.
The jackal bites you but does no damage.
The jackal barely misses you.
You hit the jackal. You tail-slap the jackal.
The jackal bites you but does no damage.
The jackal misses you.
You barely miss the jackal.
Your tail-slap misses the jackal.
The jackal barely misses you. The jackal bites you.
The jackal bites you but does no damage.
The jackal closely misses you.
You take 3 damage, and have 13/16 hp.
You hit the jackal. The jackal barely misses you.
The jackal bites you but does no damage.
You hit the jackal.
The jackal bites you but does no damage.
You closely miss the jackal. The jackal completely misses you.
You closely miss the jackal. The jackal barely misses you.
The jackal closely misses you.
You hit the jackal.
No target in view!
No target in view!
HP restored. 2 endoplasms come into view.
You see here a jackal corpse.
Health restored: 16
Found a stone staircase leading down.
The endoplasm quivers.
The endoplasm freezes you.
You are frozen.
You feel yourself slow down.
You take 3 damage, and have 13/16 hp.
You barely miss the endoplasm.
You punch the endoplasm, but do no damage.
The endoplasm quivers.
The endoplasm freezes you.
You are frozen.
You feel as though you will be slow longer.
The endoplasm hits you but does no damage.
The endoplasm hits you.
You take 1 damage, and have 12/16 hp.
You hit the endoplasm but do no damage. You tail-slap the endoplasm.
The endoplasm misses you. The endoplasm freezes you.
You are frozen.
You feel as though you will be slow longer.
You take 2 damage, and have 10/16 hp.
You hit the endoplasm. The endoplasm barely misses you.
The endoplasm misses you.
You hit the endoplasm. You tail-slap the endoplasm.
You have reached level 2!
You regained 6 hp, and now have 16/23 hp.
MP restored: 5 No target in view!
No target in view!
You feel yourself speed up.
There is a stone staircase leading down here.
A hobgoblin comes into view.
The hobgoblin shouts!
Health restored: 23 You hit the hobgoblin but do no damage.
You tail-slap the hobgoblin. The hobgoblin barely misses you.
You hit the hobgoblin but do no damage. The hobgoblin misses you.
You barely miss the hobgoblin. You tail-slap the hobgoblin.
No target in view!
A goblin comes into view. It is wielding a +0 dagger.
The goblin shouts!
An endoplasm comes into view.
There are monsters nearby!
The endoplasm quivers.
A frilled lizard comes into view.
You see here a scroll labelled UNKIPPOYZU.
The goblin barely misses you.
You hit the goblin. You barely miss the endoplasm. You tail-slap the endoplasm.
The endoplasm closely misses you.
You hit the endoplasm.
Health restored: 24 You hit the frilled lizard.
No target in view!
No target in view!
Things that are here:
a +0 dagger; a frilled lizard corpse
e - 3 scrolls labelled DICAOL JAOKK This is a scroll of acquirement!
Something appears at your feet!
f - the ring of Plog {rN+ Int+5 SInv} You feel clever.
f - the ring of Plog (left hand) {rN+ Int+5 SInv} Something appears at your feet!
g - the +4 kite shield of Greed {rCorr Str+3} Are you sure you want to abandon this character and quit the game? (Confirm with "yes".)

.............
..##.#.######
.###.#.# .#
#.#.# .#
#.#.. .#
#.### #######
.# #.# #..
..#
####.#####
#.# #.#
##......)#
#.# #@#
#.#.##.## #.#
#.# #.#..#.#
##.###.# #
##.#.#
#...)..# .#.#
#.?###.# .#.#
#..# #.# .#.#
#..# ### .#.#
#..# #.# #..#


There were no monsters in sight!

Vanquished Creatures
  3 endoplasms (D:1)
  A goblin (D:1)
  A hobgoblin (D:1)
  4 jackals (D:1)
  A frilled lizard (D:1)
10 creatures vanquished.

Notes
Turn   | Place    | Note
-------+----------+-------------------------------------------
     0 | D:1      | IndexError the Draconian Transmuter began the quest for the
                  | Orb.
     0 | D:1      | Reached XP level 1. HP: 16/16 MP: 3/3
    78 | D:1      | Reached XP level 2. HP: 16/23 MP: 5/5
   188 | D:1      | Identified 3 scrolls of acquirement
   188 | D:1      | Acquired the ring of Plog {rN+ Int+5 SInv}
   191 | D:1      | Acquired the +4 kite shield of Greed {rCorr Str+3}
   193 | D:1      | Quit the game

Illustrated notes

Levels and vault maps discovered:
D:1:      psy_arrival_dodecagon, layout_basic,
          dreamdust_ecumenical_altar_sealed_demon

Action                     || total
---------------------------++-------
  Melee: Unarmed           ||    28
         Tailslap          ||     6
         Punch             ||     1
    Use: Scroll            ||     2
 Armour: Skin              ||    10
  Dodge: Dodged            ||    21

Levels and vault maps discovered:
D:1:      psy_arrival_dodecagon, layout_basic,
          dreamdust_ecumenical_altar_sealed_demon

Table legend: (Time is in decaauts)
 A = Elapsed time spent in this place.
 B = Non-inter-level travel time spent in this place.
 C = Inter-level travel time spent in this place.
 D = Time resting spent in this place.
 E = Time spent auto-exploring this place.
 F = Levels seen in this place.
 G = Mean time per level.
                   A        B        C        D        E       F      G
               +--------+--------+--------+--------+--------+-----+--------+
         Total |    193 |    193 |      0 |      0 |     86 |   1 |  193.0 |
       Dungeon |    193 |    193 |      0 |      0 |     86 |   1 |  193.0 |
               +--------+--------+--------+--------+--------+-----+--------+

Top non-repeatable levels by time:
     D:1: 193 daAuts

Table legend:
 A = Kills in this place as a percentage of kills in the entire game.
 B = Kills by you in this place as a percentage of kills by you in the entire game.
 C = Kills by friends in this place as a percentage of kills by friends in the entire game.
 D = Other kills in this place as a percentage of other kills in the entire game.
 E = Experience gained in this place as a percentage of experience gained in the entire game.
 F = Experience gained in this place divided by the number of levels of this place that you have seen.
                   A       B       C       D       E      F
               +-------+-------+-------+-------+-------+----------------------
         Total | 100.0 | 100.0 |   N/A |   N/A | 100.0 |  19.0
       Dungeon | 100.0 | 100.0 |   N/A |   N/A | 100.0 |  19.0
               +-------+-------+-------+-------+-------+----------------------
